 Dungeon Crawl Stone Soup version 0.24.0-1-gfbc8707 (webtiles) character file.

Game seed: 2957371484354903806, levelgen mode: deterministic

149 7bone the Chopper (level 5, -7/40 HPs)
             Began as a Minotaur Gladiator on Dec 4, 2019.
             Was an Initiate of Hepliaklqana.
             Mangled by Sigmund
             ... wielding a +0 scythe of protection
              (12 damage)
             ... on level 3 of the Dungeon.
             The game lasted 00:10:40 (2238 turns).

7bone the Chopper (Minotaur Gladiator)              Turns: 2238, Time: 00:10:41

Health: -7/40      AC:  5    Str: 19    XL:     5   Next: 9%
Magic:  4/4        EV: 14    Int:  5    God:    Hepliaklqana [......]
Gold:   135        SH:  0    Dex: 12    Spells: 4/4 levels left

rFire    . . .     SeeInvis .   a - +0 war axe
rCold    . . .     Gourm    .   (no shield)
rNeg     . . .     Faith    .   k - +0 robe
rPois    .         Spirit   .   c - +0 hat
rElec    .         Reflect  .   (no cloak)
rCorr    .         Harm     .   (no gloves)
MR       .....                  p - +2 pair of boots
Stlth    +.........             (no amulet)
HPRegen  0.13/turn              (no ring)
MPRegen  0.09/turn              (no ring)

@: no status effects
A: retaliatory headbutt, reduced essence, horns 2
a: Recall Ancestor, Ancestor Identity, Renounce Religion


You were on level 3 of the Dungeon.
You worshipped Hepliaklqana.
Hepliaklqana was noncommittal.
You were not hungry.

You visited 1 branch of the dungeon, and saw 3 of its levels.

You collected 135 gold pieces.

Inventory:

Hand Weapons
 a - a +0 war axe (weapon)
Armour
 b - a +0 leather armour
 c - a +0 hat (worn)
 j - a +0 leather armour
 k - a +0 robe (worn)
 p - a +2 pair of boots (worn)
Scrolls
 e - 2 scrolls of remove curse {unknown}
 h - 3 scrolls of amnesia {unknown}
 i - 3 scrolls of identify {unknown}
 m - 4 scrolls of magic mapping {unknown}
 n - a scroll of enchant armour {unknown}
 o - 2 scrolls of teleportation {unknown}
 r - a scroll of fear {unknown}
Potions
 g - a potion of invisibility
 q - a potion of heal wounds {unknown}
Comestibles
 f - 5 rations


   Skills:
 + Level 3.3 Fighting
 + Level 5.5 Axes
 + Level 2.2 Throwing
 + Level 1.0 Armour
 + Level 4.1 Dodging
 + Level 0.5 Stealth


You had 4 spell levels left.
You didn't know any spells.
Your spell library was empty.

Dungeon Overview and Level Annotations

Branches:
Dungeon (3/15)

Altars:
Hepliaklqana
Zin

Annotations:
D:3 Sigmund


Innate Abilities, Weirdness & Mutations

You reflexively headbutt those who attack you in melee.
You have a pair of horns on your head.
Your life essence is reduced to manifest your ancestor. (-10% HP)


Message History

Tlaloc hits something.
Something hits you.
Tlaloc barely misses something.
You slash Tlaloc!
Tlaloc is severely damaged.
You barely miss something. Something hits you!
* * * LOW HITPOINT WARNING * * *
Tlaloc hits something.
You bump into the rock wall.
Tlaloc closely misses something.
Something hits you but does no damage.
You hit Tlaloc.
Tlaloc is severely damaged.
You closely miss something.
Tlaloc hits something.
Something hits Tlaloc.
Tlaloc misses something.
You completely miss something.
Tlaloc hits something.
Something hits you.
* * * LOW HITPOINT WARNING * * *
You bump into the rock wall.
You feel less confused.
Tlaloc closely misses something.
You hit something. Something hits you!
You die...

#.
#.###....######.#†.......
#. #.# #....# #.#####....
#.###.###.### #<# ##... #
##.##.## #.. ... .....
#.#...##.###(## ..w
####.# #...#....<#.#
#.##. #.# ###...####.##
#. . #..
##.......R#####.# #.#
#####...@{.....#
#.########## #.# #.# #.#
#.# #.# #.#


You could see the friendly Tlaloc the ancestor.

Vanquished Creatures
  A gnoll (D:1)
  7 adders
  An ooze (D:3)
  3 worms (D:2)
  3 dart slugs
  A leopard gecko (D:3)
  3 bats (D:2)
  4 giant cockroaches
  4 goblins
  4 hobgoblins
  3 quokkas
  A ball python (D:3)
  5 frilled lizards
  9 rats
49 creatures vanquished.

Vanquished Creatures (collateral kills)
  2 worms (D:3)
  2 giant cockroaches
  2 hobgoblins
  A frilled lizard (D:3)
  A kobold (D:3)
  A rat (D:3)
9 creatures vanquished.

Grand Total: 58 creatures vanquished

Notes
Turn   | Place    | Note
-------+----------+-------------------------------------------
     0 | D:1      | 7bone the Minotaur Gladiator began the quest for the Orb.
     0 | D:1      | Reached XP level 1. HP: 18/18 MP: 0/0
     8 | D:1      | Reached skill level 4 in Axes
     8 | D:1      | Reached XP level 2. HP: 18/25 MP: 1/1
   280 | D:1      | You fall into a shaft and drop 1 floor!
   645 | D:2      | Reached XP level 3. HP: 24/30 MP: 2/2
   996 | D:2      | Reached skill level 1 in Armour
  1067 | D:2      | Found a hazy altar of Hepliaklqana.
  1091 | D:2      | Became a worshipper of Hepliaklqana the Forgotten
  1262 | D:2      | Reached XP level 4. HP: 34/34 MP: 3/3
  1650 | D:3      | Found a glowing silver altar of Zin.
  1698 | D:3      | Reached skill level 5 in Axes
  1985 | D:3      | Reached XP level 5. HP: 40/40 MP: 4/4
  2215 | D:3      | Noticed Sigmund
  2238 | D:3      | Mangled by Sigmund

Levels and vault maps discovered:
D:1:      dpeg_arrival_simpleton_b, layout_loops_ring
D:2:      layout_basic, overflow_temple_1_default, first_ration,
          minmay_fractal_squares_gapless_5
D:3:      minmay_chambers_of_threes, layout_loops_ring,
          overflow_temple_1_default, uniq_sigmund, uniq_crazy_yiuf_cottage

Skill      XL: |  1  2  3  4 |
---------------+-------------+-----
Axes           | 4 5 |  5.5
Dodging        | 4 |  4.1
Fighting       | 3 |  3.3
Armour         | 1 |  1.0
Throwing       | |  2.2
Stealth        | |  0.5

Action                   |  1- 3 |  4- 6 || total
-------------------------+-------+-------++-------
Melee: War axe           |    54 |    64 ||   118
       Headbutt          |     9 |    12 ||    21
Throw: Throwing net      |     3 |     2 ||     5
 Stab: Sleeping          |     1 |       ||     1
  Eat: Chunk             |     1 |     3 ||     4
Armor: Robe              |     4 |    23 ||    27
       Leather armour    |     2 |       ||     2
Dodge: Dodged            |    36 |    59 ||    95
